 Dungeon Crawl Stone Soup version 0.30.1-9-gdf580d7c3d (webtiles) character file.

Game seed: 10796616205751908887

42 Wynsegor the Chopper (level 3, -3/43 HPs)
             Began as a Human Berserker on Oct 13, 2023.
             Was a Follower of Trog.
             Slain by a gnoll
             ... wielding a +0 club
              (9 damage)
             ... on level 2 of the Dungeon.
             The game lasted 00:02:38 (699 turns).

Wynsegor the Chopper (Human Berserker)               Turns: 699, Time: 00:02:39

Health: -3/43      AC:  2    Str: 19    XL:     3   Next: 80%
Magic:  3/3        EV: 12    Int:  7    God:    Trog [*.....]
Gold:   36         SH:  0    Dex: 12    Spells: 2/2 levels left

rFire   . . .        a - +0 hand axe
rCold   . . .        (no shield)
rNeg    . . .        b - +0 animal skin
rPois   .            (no helmet)
rElec   .            (no cloak)
rCorr   .            (no gloves)
SInv    .            (no boots)
Will    .....        (no amulet) Stlth
                     (no ring)
HPRegen 0.27/turn    (no ring)
MPRegen 0.08/turn

%: no passive effects
@: berserking, very quick
A: no striking features
a: Renounce Religion, Berserk


You were on level 2 of the Dungeon.
You worshipped Trog.
Trog was aware of your devotion.
You visited 1 branch of the dungeon, and saw 2 of its levels.

You collected 36 gold pieces.

Inventory:

Hand Weapons
 a - a +0 hand axe (weapon)
Armour
 b - a +0 animal skin (worn)
Scrolls
 d - 2 scrolls of blinking {unknown}
 f - a scroll of identify {unknown}
Potions
 c - a potion of mutation {unknown}
 e - a potion of heal wounds {unknown}


   Skills:
 + Level 3.3 Fighting
 + Level 3.4 Axes
 + Level 2.5 Armour
 + Level 2.5 Dodging


You had 2 spell levels left.
You didn't know any spells.
Your spell library was empty.

Dungeon Overview and Level Annotations

Branches:
Dungeon (2/15)

Altars:


Message History

The rat bites you. The jackal barely misses you. The jackal misses you.
The rat bites you. The jackal closely misses you. The jackal bites you.
* * * LOW HITPOINT WARNING * * *
The jackal attacks as you move away! The jackal barely misses you.
The jackal bites you but does no damage.
You open the door. The jackal bites you.
* * * LOW HITPOINT WARNING * * *
The jackal bites you but does no damage.
The jackal barely misses you. The rat bites you but does no damage.
The rat attacks as you move away! The rat closely misses you.
The jackal attacks as you move away! The jackal closely misses you.
The jackal bites you.
* * * LOW HITPOINT WARNING * * *
There is an open door here.
Unknown command.
A red film seems to cover your vision as you go berserk!
You feel yourself moving faster!
You feel mighty! The jackal barely misses you. x2
The rat bites you.
* * * LOW HITPOINT WARNING * * *
The jackal barely misses you. x2
You barely miss the jackal. You slash the rat!
You kill the rat!
Trog accepts your kill.
You slash the jackal!
You kill the jackal!
Trog accepts your kill. The jackal barely misses you.
You miss the jackal. You slash the jackal!
You kill the jackal!
Trog accepts your kill.
The jackal bites you but does no damage.
The jackal barely misses you.
You slash the jackal!
You kill the jackal!
Trog accepts your kill.
You hit the jackal. You barely miss the gnoll.
The gnoll hits you with a +0 club!
You die...

#.........#
##########.>.......#
#....#...'.........#
#.#.##.###.........#
#<.....# #.........#
######## #.........+
#.........#
#..g.h....#
####@######
#........ #########


You could see a gnoll and a jackal.

Vanquished Creatures
  A gnoll (D:1)
  A dart slug (D:1)
  4 bats (D:1)
  2 endoplasms (D:1)
  3 goblins (D:1)
  A hobgoblin (D:1)
  3 jackals (D:2)
  2 kobolds (D:1)
  5 ball pythons (D:1)
  7 rats
29 creatures vanquished.

Notes
Turn   | Place    | Note
-------+----------+-------------------------------------------
     0 | D:1      | Wynsegor the Human Berserker began the quest for the Orb.
     0 | D:1      | Reached XP level 1. HP: 18/18 MP: 1/1
   111 | D:1      | Found a faded altar of an unknown god.
   182 | D:1      | Reached XP level 2. HP: 24/24 MP: 2/2
   277 | D:1      | Reached XP level 3. HP: 12/29 MP: 3/3
   699 | D:2      | Slain by a gnoll

Illustrated notes

Levels and vault maps discovered:
D:1:      dpeg_arrival_pits, layout_loops_ring,
          chequers_ecumenical_altar_twisty, st_stairs_5,
          minmay_misc_feat_enclosed, fountainhead
D:2:      layout_basic, minmay_misc_feat_chi, minivault_19,
          serial_bayou_lagoon_a, mrwooster_statue_mirror, nicolae_grassy_gnolls

Action                     || total
---------------------------++-------
  Melee: Hand axe          ||    55
 Invoke: Berserk           ||     1
 Armour: Animal skin       ||    25
  Dodge: Dodged            ||    71
